 Dungeon Crawl Stone Soup version 0.22.1-1-ga44c0e56f4 (webtiles) character file.

2060 D1HalberdGnoll the Cleaver (level 9, -1/80 HPs)
             Began as a Ghoul Fighter on Oct 24, 2018.
             Was a Believer of Makhleb.
             Slain by a hornet (11 damage)
             ... on level 8 of the Dungeon.
             The game lasted 00:09:13 (6029 turns).

D1HalberdGnoll the Cleaver (Ghoul Fighter)          Turns: 6029, Time: 00:09:13

Health: -1/80      AC: 12    Str: 22    XL:     9   Next: 25%
Magic:  8/8        EV: 12    Int:  4    God:    Makhleb [**....]
Gold:   261        SH:  9    Dex: 15    Spells: 8/8 levels left

rFire    . . .     SeeInvis .   a - +1 war axe
rCold    + . .     Gourm    .   c - +0 shield
rNeg     + + +     Faith    .   b - +0 scale mail
rPois    ∞         Spirit   .   C - +0 helmet
rElec    .         Reflect  .   D - +0 cloak
rCorr    .         Harm     .   (no gloves)
MR       .....                  j - +1 pair of boots
Stlth    +.........             q - amulet of the acrobat
HPRegen  0.00/turn              (no ring)
MPRegen  0.11/turn              u - +2 ring of strength

@: agile, rotting
A: rotting body, claws 1, carnivore, cold resistance 1, negative energy
resistance 3, inhibited regeneration, torment resistance, unbreathing
a: Minor Destruction, Renounce Religion


You were on level 8 of the Dungeon.
You worshipped Makhleb.
Makhleb was pleased with you.
You were not hungry.

You visited 2 branches of the dungeon, and saw 9 of its levels.

You collected 261 gold pieces.

Inventory:

Hand Weapons
 a - a +1 war axe (weapon)
Armour
 b - a +0 scale mail (worn)
 c - a +0 shield (worn)
 j - a +1 pair of boots (worn)
 C - a +0 helmet (worn)
 D - a +0 cloak (worn)
Jewellery
 q - an amulet of the acrobat (around neck)
 u - a +2 ring of strength (right claw)
Wands
 g - a wand of flame (20)
 t - a wand of iceblast (5)
 A - a wand of enslavement (9)
Scrolls
 d - 2 scrolls of identify
 i - 5 scrolls of remove curse
 m - 2 scrolls of torment {unknown}
 n - 2 scrolls of amnesia
 w - 2 scrolls of teleportation
 y - 2 scrolls of enchant armour
Potions
 e - a potion of invisibility {unknown}
 k - a potion of heal wounds {unknown}
 l - 2 potions of resistance {unknown}
 o - 2 potions of cancellation {unknown}
 p - 2 potions of flight {unknown}
 r - a potion of mutation {unknown}
 s - a potion of agility
 v - a potion of lignification {unknown}
 x - a potion of magic {unknown}
 B - a potion of ambrosia {unknown}
Comestibles
 f - 14 rations


   Skills:
 + Level 7.6 Fighting
 * Level 8.4 Axes
 - Level 5.0 Armour
 - Level 2.6 Shields


You had 8 spell levels left.
You didn't know any spells.
Your spell library contained the following spells:

 Spells                   Type           Power        Failure   Level  Hunger
 Flame Tongue             Conj/Fire      #....        100%        1    ##.....
 Sandblast                Erth           #.....       100%        1    ##.....
 Passwall                 Tmut/Erth      #.......     100%        2    ###....
 Throw Flame              Conj/Fire      #.....       100%        2    ###....
 Conjure Flame            Conj/Fire      #.......     100%        3    ####...
 Inner Flame              Hex/Fire       #.......     100%        3    ####...
 Stone Arrow              Conj/Erth      #.....       100%        3    ####...
 Petrify                  Tmut/Erth      #.......     100%        4    #####..
 Sticky Flame             Conj/Fire      #.......     100%        4    #####..
 Fireball                 Conj/Fire      #.........   100%        5    ######.
 Lee's Rapid Deconstruct  Erth           #.........   100%        5    ######.


Dungeon Overview and Level Annotations

Branches:
Dungeon (8/15)             Temple (1/1) D:6
   Lair: D:8-11

Altars:
Ashenzari
Cheibriados
Dithmenos
Elyvilon
Fedhas
Gozag
Hepliaklqana
Kikubaaqudgha
Makhleb
Nemelex Xobeh
Okawaru
Qazlal
Ru
Sif Muna
Trog
Uskayaw
Vehumet
Wu Jian
Xom
Yredelemnul
The Shining One

Shops:
D:6 }


Innate Abilities, Weirdness & Mutations

Your body is rotting away.
You thrive on raw meat.
You are immune to poison.
You have sharp fingernails.
You are carnivorous and can eat meat at any time.
Your flesh is cold resistant. (rC+)
You are immune to negative energy. (rN+++)
You do not regenerate when monsters are visible.
You are immune to unholy pain and torment.
You can survive without breathing.


Message History

You barely miss the hornet. You block the hornet's attack.
You barely miss the hornet.
The hornet is heavily wounded.
You block the hornet's attack.
The hornet stings you but does no damage.
Evoke which item? (* to show all) (? for menu, Esc to quit)
Aiming: Enslavement
Press: ? - help, Shift-Dir - straight line, f - hornet
Aim: a hornet (heavily wounded, chance to defeat MR: 37%)
The hornet easily resists.
The hornet barely misses you.
The hornet stings you but does no damage.
Evoke which item? (* to show all) (? for menu, Esc to quit)
Aiming: Enslavement
Press: ? - help, Shift-Dir - straight line, f/p - hornet
Aim: a hornet (heavily wounded, chance to defeat MR: 37%)
The hornet easily resists.
The hornet barely misses you.
It was a potion of agility.
You feel agile all of a sudden. The hornet stings you!
You die...

.#
.#
.#
.##
##..
#..
#.#
#@#
#y#
#.#
#$#
#.#
#.#
#.#
#.#


You could see a hornet.

Vanquished Creatures
  Grinder (D:5)
  A hungry ghost (D:7)
  Menkaure (D:5)
  An orc warrior (D:7)
  An ogre (D:5)
  A sky beast (D:7)
  3 centaurs
  2 bullfrogs (D:7)
  A wyvern skeleton (D:7)
  2 scorpions (D:4)
  2 howler monkeys (D:5)
  A bullfrog zombie (D:7)
  4 crimson imps
  A centaur zombie (D:7)
  2 jellies (D:6)
  A hound (D:7)
  2 bullfrog skeletons
  2 orc priests
  2 orc wizards
  2 worker ants
  A worker ant zombie (D:5)
  4 gnolls (D:4)
  8 adders
  An adder zombie (D:7)
  3 adder skeletons
  2 worms
  4 dart slugs
  4 leopard geckos
  12 orcs
  8 bats
  A giant cockroach (D:1)
  3 goblins
  8 hobgoblins
  An iguana (D:6)
  11 jackals
  5 kobolds
  2 quokkas
  5 frilled lizards
  A giant cockroach zombie (D:5)
  A jackal skeleton (D:5)
  A leopard gecko skeleton (D:7)
  3 rats
122 creatures vanquished.

Notes
Turn   | Place    | Note
-------+----------+-------------------------------------------
     0 | D:1      | D1HalberdGnoll the Ghoul Fighter began the quest for the
                  | Orb.
     0 | D:1      | Reached XP level 1. HP: 19/19 MP: 0/0
   114 | D:1      | Reached skill level 2 in Axes
   176 | D:1      | Reached XP level 2. HP: 26/26 MP: 1/1
  1007 | D:2      | Reached XP level 3. HP: 29/31 MP: 2/2
  1089 | D:2      | Found a faded altar of an unknown god.
  1663 | D:2      | Found a burning altar of Makhleb.
  1667 | D:2      | Reached skill level 3 in Axes
  1667 | D:2      | Reached XP level 4. HP: 38/40 MP: 3/3
  1672 | D:2      | Became a worshipper of Makhleb the Destroyer
  2554 | D:3      | Found a blossoming altar of Fedhas.
  2554 | D:3      | Found a white marble altar of Elyvilon.
  2554 | D:3      | Found a hide-covered altar of Uskayaw.
  2844 | D:4      | Noticed a yak
  2845 | D:4      | Noticed a hungry ghost
  2875 | D:4      | Reached XP level 5. HP: 40/45 MP: 4/4
  2889 | D:4      | Reached skill level 4 in Axes
  2943 | D:4      | Reached XP level 6. HP: 37/53 MP: 5/5
  2950 | D:4      | Found an ancient bone altar of Kikubaaqudgha.
  2994 | D:4      | Found a bloodstained altar of Trog.
  3011 | D:4      | Reached * piety under Makhleb
  3042 | D:4      | Found a hazy altar of Hepliaklqana.
  3052 | D:4      | Found a shadowy altar of Dithmenos.
  3339 | D:5      | Entered Level 5 of the Dungeon
  3557 | D:5      | Reached skill level 5 in Fighting
  3557 | D:5      | Reached XP level 7. HP: 61/61 MP: 6/6
  3597 | D:5      | Reached skill level 5 in Axes
  3773 | D:5      | Noticed Menkaure
  3789 | D:5      | Killed Menkaure
  3975 | D:5      | Noticed Grinder
  3986 | D:5      | Paralysed by Grinder for 2 turns
  3989 | D:5      | Killed Grinder
  3989 | D:5      | Reached skill level 6 in Axes
  3989 | D:5      | Reached skill level 5 in Armour
  3989 | D:5      | Reached XP level 8. HP: 67/70 MP: 7/7
  4281 | D:6      | Found a shimmering altar of Xom.
  4447 | D:6      | Found Eqaellol's Gadget Emporium.
  4960 | D:6      | Reached ** piety under Makhleb
  4985 | D:6      | Found a staircase to the Ecumenical Temple.
  5116 | Temple   | Entered the Ecumenical Temple
  5300 | D:7      | Reached skill level 7 in Axes
  5470 | D:7      | Found a stormy altar of Qazlal.
  5610 | D:7      | Reached XP level 9. HP: 51/79 MP: 8/8
  5625 | D:7      | Reached skill level 8 in Axes
  6000 | D:8      | Noticed a hornet
  6029 | D:8      | Slain by a hornet

Skill      XL: |  1  2  3  4  5  6  7  8  9 |
---------------+----------------------------+-----
Axes           | 2 3 4 6 7 8 |  8.4
Armour         | 3 4 5 |  5.0
Fighting       | 4 5 6 7 |  7.6
Shields        | |  2.6

Action                   |  1- 3 |  4- 6 |  7- 9 || total
-------------------------+-------+-------+-------++-------
Melee: War axe           |   150 |   162 |   257 ||   569
Evoke: Wand              |       |       |     5 ||     5
  Use: Scroll            |       |     8 |     4 ||    12
       Potion            |       |     1 |     7 ||     8
  Eat: Chunk             |    10 |    12 |    16 ||    38
Armor: Scale mail        |    94 |    83 |   117 ||   294
Dodge: Dodged            |    58 |    63 |    73 ||   194
Block: Shield            |    87 |    92 |   122 ||   301
